 Dungeon Crawl Stone Soup version 0.20-a0-1114-g33edf32 (webtiles) character file.

61 urechis the Chopper (level 4, 0/49 HPs)
             Began as a Hill Orc Berserker on May 6, 2017.
             Was a Follower of Trog.
             Succumbed to an adder's poison
             ... on level 2 of the Dungeon.
             The game lasted 00:02:11 (1820 turns).

urechis the Chopper (Hill Orc Berserker)            Turns: 1820, Time: 00:02:12

Health: 0/49       AC:  2    Str: 19    XL:     4   Next: 7%
Magic:  4/4        EV: 12    Int:  7    God:    Trog [*.....]
Gold:   55         SH:  0    Dex: 11    Spells: 3/3 levels left

rFire    . . .     SeeInvis .   a - +0 hand axe
rCold    . . .     Gourm    .   (no shield)
rNeg     . . .     Faith    .   b - +0 animal skin
rPois    .         Spirit   .   (helmet restricted)
rElec    .         Reflect  .   (no cloak)
rCorr    .         Harm     .   (no gloves)
MR       .....     Clarity  +   (no boots)
Stlth    +.........             (no amulet)
Regen    0.2/turn               (no ring)
MPRegen  0.1/turn               (no ring)

@: lethally poisoned (0 -> -1), slowed, very slow
A: horns 1, clarity, robust 2
a: Berserk, Burn Spellbooks, Renounce Religion


You were on level 2 of the Dungeon.
You worshipped Trog.
Trog was aware of your devotion.
You were very hungry.

You visited 1 branch of the dungeon, and saw 2 of its levels.

You collected 55 gold pieces.

Inventory:

Hand Weapons
 a - a +0 hand axe (weapon)
Armour
 b - a +0 animal skin (worn)
 h - a +0 helmet
Jewellery
 e - a +5 ring of evasion {unknown}
Scrolls
 d - a scroll of remove curse {unknown}
 g - a scroll of fog {unknown}
 i - a scroll of identify {unknown}
 j - 2 scrolls of enchant armour {unknown}
Comestibles
 c - 3 bread rations
 k - 3 chunks of flesh


   Skills:
 + Level 4.8 Fighting
 + Level 5.3 Axes
 - Level 2.1 Armour
 - Level 1.5 Dodging


You had 3 spell levels left.
You didn't know any spells.

Dungeon Overview and Level Annotations

Branches:
Dungeon (2/15)

Altars:
Gozag


Innate Abilities, Weirdness & Mutations

You have a pair of small horns on your head.
You possess an exceptional clarity of mind.
You are very robust. (+20% HP)


Message History

You see here a bread ration.
Okay, then.
* * * LOW HITPOINT WARNING * * *
You feel sick.
* * * LOW HITPOINT WARNING * * *
You feel sick.
Found a gold piece.
* * * LOW HITPOINT WARNING * * *
You feel sick.
Found 2 gold pieces.
Found a gold piece.
Found an opulent altar of Gozag.
* * * LOW HITPOINT WARNING * * *
You feel sick.
* * * LOW HITPOINT WARNING * * *
You feel sick.
Found a stone staircase leading down.
You see here a gold piece.
You are feeling very hungry.
You're still recovering from your berserk rage.
You die...

.# .#..># . ......
.##.#...# .......#
#..... ##
#######.#.##
8$.#..........##
_.$.$.$.$.@....#
.#............#
.#####....##.....##
.......##.##$...##
#..##.$ #.##.#..#
....#..##..#.##.#
........%#.# .#
.....##....# .#
#..#.#%....# .#


There were no monsters in sight!

Vanquished Creatures
  2 adders
  An ooze (D:1)
  3 dart slugs (D:1)
  5 goblins
  5 hobgoblins
  2 jackals (D:1)
  A quokka (D:2)
  A ball python (D:1)
  4 bats (D:1)
  A frilled lizard (D:1)
  6 kobolds (D:1)
  3 rats
34 creatures vanquished.

Vanquished Creatures (others)
  A rat (D:1)
1 creature vanquished.

Grand Total: 35 creatures vanquished

Notes
Turn   | Place    | Note
-------+----------+-------------------------------------------
     0 | D:1      | urechis the Hill Orc Berserker began the quest for the Orb.
     0 | D:1      | Reached XP level 1. HP: 19/19 MP: 1/1
   446 | D:1      | Reached XP level 2. HP: 11/27 MP: 2/2
   955 | D:1      | Reached XP level 3. HP: 17/34 MP: 3/3
  1520 | D:1      | Reached skill level 5 in Axes
  1800 | D:2      | Reached XP level 4. HP: 13/41 MP: 4/4
  1808 | D:2      | Gained mutation: You are robust. (+10% HP) [potion of mutation]
  1808 | D:2      | Gained mutation: You have a pair of small horns on your head. [potion of mutation]
  1808 | D:2      | Gained mutation: You are very robust. (+20% HP) [potion of mutation]
  1808 | D:2      | Gained mutation: You possess an exceptional clarity of mind. [potion of mutation]
  1812 | D:2      | HP: 2/49 [poisoned by an adder]
  1814 | D:2      | Found an opulent altar of Gozag.
  1817 | D:2      | HP: 1/49 [poisoned by an adder]
  1820 | D:2      | Succumbed to an adder's poison

Vault maps used:
D:1:      shiori_arrival_oz
D:2:      grunt_gozag_breadcrumbs, dancing_weapons_uskayaw, first_bread

Skill      XL: |  1  2  3 |
---------------+----------+-----
Fighting       | 4 |  4.8
Axes           | 5 |  5.3
Armour         | |  2.1
Dodging        | |  1.5

Action                   |  1- 3 |  4- 6 || total
-------------------------+-------+-------++-------
Melee: Hand axe          |   114 |     1 ||   115
Invok: Berserk           |     1 |       ||     1
  Use: Potion            |       |     1 ||     1
 Stab: Sleeping          |     3 |       ||     3
  Eat: Chunk             |     2 |     1 ||     3
Armor: Animal skin       |    16 |       ||    16
Dodge: Dodged            |    76 |     1 ||    77
